 Dungeon Crawl Stone Soup version 0.22-a0-417-g1387785 (webtiles) character file.

127 Borgoz the Chopper (level 4, 0/44 HPs)
             Began as a Deep Dwarf Berserker on May 14, 2018.
             Was a Believer of Trog.
             Killed from afar by an orc wizard (8 damage)
             ... with a magic dart
             ... on level 3 of the Dungeon.
             The game lasted 00:03:22 (1502 turns).

Borgoz the Chopper (Deep Dwarf Berserker)           Turns: 1502, Time: 00:03:23

Health: 0/44       AC:  2    Str: 21    XL:     4   Next: 85%
Magic:  4/4        EV: 13    Int:  7    God:    Trog [**....]
Gold:   125        SH:  0    Dex: 13    Spells: 3/3 levels left

rFire    . . .     SeeInvis .   a - +0 hand axe
rCold    . . .     Gourm    .   (no shield)
rNeg     . . .     Faith    .   b - +0 animal skin
rPois    .         Spirit   .   (no helmet)
rElec    .         Reflect  .   (no cloak)
rCorr    .         Harm     .   (no gloves)
MR       ++...                  (no boots)
Stlth    +.........             (no amulet)
HPRegen  1.00/turn              (no ring)
MPRegen  0.09/turn              (no ring)

@: berserk cooldown, non-regenerating
A: damage resistance, heal wounds, sense surroundings 1, no regeneration
a: Heal Wounds, Berserk, Trog's Hand, Renounce Religion


You were on level 3 of the Dungeon.
You worshipped Trog.
Trog was pleased with you.
You were not hungry.

You visited 1 branch of the dungeon, and saw 3 of its levels.

You collected 125 gold pieces.

Inventory:

Hand Weapons
 a - a +0 hand axe (weapon)
Armour
 b - a +0 animal skin (worn)
Jewellery
 m - an uncursed ring of protection from magic {unknown}
Wands
 q - a wand of iceblast (5)
Scrolls
 d - 3 scrolls of identify {unknown}
 e - a scroll of blinking {unknown}
 f - a scroll of fear {unknown}
 g - 4 scrolls of remove curse {unknown}
 k - a scroll of enchant armour {unknown}
 p - a scroll of fog {unknown}
 t - a scroll of teleportation {unknown}
Potions
 h - a potion of ambrosia {unknown}
 j - a potion of degeneration {unknown}
 l - a potion of might {unknown}
 n - 2 potions of berserk rage {unknown}
 o - a potion of heal wounds {unknown}
 r - a potion of mutation {unknown}
 s - 3 potions of curing {unknown}
Comestibles
 c - 9 rations
 i - 2 chunks of flesh


   Skills:
 * Level 3.7 Fighting
 + Level 4.8 Axes
 + Level 2.3 Armour
 + Level 2.8 Dodging
 + Level 0.7 Stealth


You had 3 spell levels left.
You didn't know any spells.
Your spell library was empty.

Dungeon Overview and Level Annotations

Branches:
Dungeon (3/15)

Altars:
Elyvilon
Trog

Annotations:
D:3 Natasha


Innate Abilities, Weirdness & Mutations

You are resistant to damage.
You can heal yourself by infusing magical energy.
You passively map a small area around you.
You do not regenerate.


Message History

You barely miss the orc wizard.
The orc wizard is severely wounded.
You miss the crimson imp. You closely miss the orc wizard.
You barely miss the iron imp.
You feel yourself speed up. The orc wizard closely misses you.
The crimson imp blinks!
Natasha casts a spell.
The orc wizard closely misses you. The orc wizard barely misses you.
The iron imp hits you!
* * * LOW HITPOINT WARNING * * *
Natasha growls.
The orc wizard hits you with a dagger.
* * * LOW HITPOINT WARNING * * *
You fail to use your ability.
The orc wizard closely misses you. The orc wizard hits you with a dagger.
* * * LOW HITPOINT WARNING * * *
The iron imp misses you.
The orc wizard points at you and mumbles some strange words.
The magic dart hits you!
You die...

, , #.. .........# * #..
...<...... , ### , , %........# *
, ,,, , ,, .........### * ,, , ,,
...5.o.... , * , ..hKoo.. ..
###############5o#######...
#..|...........o@.......... *
.#...........$............. *
#.#........8..5..(.8....... *
*#.#......(................ *###
##.#.....8.........8.....# *#..
##.#...................#. * #..
##.#....8.......8....#.# #..
######.#...#..#.#..#...#.######..
....(.#.######...######.#........


You could see an iron imp, 2 orc wizards, Natasha, a crimson imp, a white imp, 3
orcs and a kobold.

Vanquished Creatures
  An orc wizard (D:3)
  2 adders (D:3)
  A worm (D:2)
  6 dart slugs
  A leopard gecko (D:3)
  5 orcs (D:3)
  5 bats
  5 giant cockroaches
  8 goblins
  7 hobgoblins
  3 jackals (D:3)
  A quokka (D:2)
  A ball python (D:1)
  3 frilled lizards
  6 kobolds
  A quokka skeleton (D:3)
  9 rats
65 creatures vanquished.

Notes
Turn   | Place    | Note
-------+----------+-------------------------------------------
     0 | D:1      | Borgoz the Deep Dwarf Berserker began the quest for the Orb.
     0 | D:1      | Reached XP level 1. HP: 20/20 MP: 1/1
   127 | D:1      | Reached XP level 2. HP: 17/27 MP: 2/2
   355 | D:1      | Reached skill level 4 in Axes
   425 | D:1      | Reached XP level 3. HP: 17/34 MP: 3/3
   447 | D:1      | Reached ** piety under Trog
  1261 | D:3      | Reached XP level 4. HP: 42/42 MP: 4/4
  1358 | D:3      | Found a white marble altar of Elyvilon.
  1371 | D:3      | Found a bloodstained altar of Trog.
  1494 | D:3      | Noticed Natasha
  1502 | D:3      | Killed from afar by an orc wizard

Vault maps used:
D:1:      giann_bridges
D:2:      hangedman_decor_diamond_cutter, supply_closet_lemuel, st_stairs_14
D:3:      wad_pebble_path, overflow_temple_1_default, bloody_trog,
          dancing_weapons_uskayaw, first_ration, uniq_natasha

Skill      XL: |  1  2 |
---------------+-------+-----
Fighting       | 3 |  3.7
Axes           | 4 |  4.8
Armour         | |  2.3
Dodging        | |  2.8
Stealth        | |  0.7

Action                   |  1- 3 |  4- 6 || total
-------------------------+-------+-------++-------
Melee: Hand axe          |   104 |    51 ||   155
Invok: Berserk           |     3 |     1 ||     4
       Trog's Hand       |     2 |     1 ||     3
 Stab: Sleeping          |     1 |       ||     1
  Eat: Chunk             |     4 |     3 ||     7
Armor: Animal skin       |     9 |    11 ||    20
Dodge: Dodged            |    77 |    56 ||   133

Table legend:
 A = Spawn XP
 B = Non-spawn XP
 C = Spawn XP percentage of total XP
 D = Spawn monster count
 E = Non-spawn monster count
 F = Spawn count percentage of total count
 G = Total turns spent on level
                    A         B        C        D         E        F      G
               +---------+---------+-------+---------+---------+-------+---------
         Total |       0 |     182 |   0.0 |       0 |      65 |   0.0 |  1502
               +---------+---------+-------+---------+---------+-------+---------
           D:1 |       0 |      43 |   0.0 |       0 |      25 |   0.0 |   537
           D:2 |       0 |      42 |   0.0 |       0 |      20 |   0.0 |   711
           D:3 |       0 |      97 |   0.0 |       0 |      20 |   0.0 |   254
               +---------+---------+-------+---------+---------+-------+---------
